 Dungeon Crawl Stone Soup version 0.23.0 (webtiles) character file.

Game seed: 13205724108830042557

1425 LostNumber the Ruffian (level 8, -17/79 HPs)
             Began as a Troll Abyssal Knight on Feb 11, 2019.
             Was an Elder of Lugonu.
             Demolished by a hornet (18 damage)
             ... on level 7 of the Dungeon.
             The game lasted 00:07:25 (4699 turns).

LostNumber the Ruffian (Troll Abyssal Knight)       Turns: 4699, Time: 00:07:26

Health: -17/79     AC:  7    Str: 22    XL:     8   Next: 44%
Magic:  10/10      EV: 17    Int:  8    God:    Lugonu [****..]
Gold:   170        SH:  2    Dex: 15    Spells: 7/7 levels left

rFire    . . .     SeeInvis .     - Unarmed
rCold    + . .     Gourm    +   (no shield)
rNeg     . . .     Faith    .   s - +0 robe of the Cooper {Slay+3} (curse)
rPois    .         Spirit   .   (helmet restricted)
rElec    .         Reflect  +   k - +0 cloak
rCorr    .         Harm     .   (gloves unavailable)
MR       +....                  (boots unavailable)
Stlth    ++........             b - +2 amulet of reflection
HPRegen  0.63/turn              o - ring of protection from cold
MPRegen  0.12/turn              l - ring of protection from magic

@: agile, lethally poisoned (-17 -> -19), slowed, very slow
A: large, unfitting armour, claws 3, fast metabolism 3, gourmand, regeneration
1, shaggy fur 1, tough skin 3
a: Depart the Abyss, Bend Space, Banish, Corrupt, Renounce Religion


You were on level 7 of the Dungeon.
You worshipped Lugonu.
Lugonu was greatly pleased with you.
You were full.

You visited 1 branch of the dungeon, and saw 7 of its levels.
You visited the Abyss 1 time.

You collected 332 gold pieces.
You spent 162 gold pieces at shops.

Inventory:

Hand Weapons
 B - a +1 whip of freezing
   (You took it off Pikel on level 6 of the Dungeon)
Armour
 a - a +0 robe
 k - a +0 cloak (worn)
   (You took it off Crazy Yiuf on level 4 of the Dungeon)
 s - the cursed +0 robe of the Cooper (worn) {Slay+3}
   (You found it on level 4 of the Dungeon)

   It affects your accuracy and damage with ranged weapons and melee attacks
   (+3).
   It has a curse placed upon it.
Jewellery
 b - a +2 amulet of reflection (around neck)
   (You found it on level 1 of the Abyss)
 l - a ring of protection from magic (right claw)
   (You found it on level 4 of the Dungeon)
 o - a ring of protection from cold (left claw)
   (You found it on level 4 of the Dungeon)
Scrolls
 f - 2 scrolls of immolation {unknown}
 j - 3 scrolls of enchant armour {unknown}
 m - 3 scrolls of magic mapping {unknown}
 p - 2 scrolls of blinking
 t - a scroll of random uselessness {unknown}
 u - 3 scrolls of amnesia {unknown}
 v - 4 scrolls of teleportation {@r4}
 w - 3 scrolls of identify {unknown}
 y - a scroll of fog
 z - a scroll of brand weapon {unknown}
Potions
 c - 3 potions of curing {unknown}
 d - a potion of flight {unknown}
 h - 3 potions of haste {unknown}
 i - 3 potions of degeneration {unknown}
 n - a potion of invisibility {unknown}
 q - a potion of resistance {unknown}
 r - a potion of brilliance {unknown}
 x - a potion of might {unknown}
Comestibles
 e - 11 rations {!d}


   Skills:
 + Level 4.5 Fighting
 + Level 4.3 Dodging
 * Level 6.9 Unarmed Combat
 + Level 4.4 Invocations


You had 7 spell levels left.
You didn't know any spells.
Your spell library contained the following spells:

 Spells                   Type           Power        Failure   Level  Hunger
 Confusing Touch          Hex            #.....       41%         1    ##.....
 Confuse                  Hex            #.......     78%         3    ####...
 Gell's Gravitas          Tloc           #.........   78%         3    ####...
 Petrify                  Tmut/Erth      #.......     99%         4    #####..
 Metabolic Englaciation   Hex/Ice        #.........   100%        5    ######.
 Yara's Violent Unravell  Hex/Tmut       #.........   100%        5    ######.


Dungeon Overview and Level Annotations

Branches:
Dungeon (7/15)
 Temple: D:4-7

Altars:
Makhleb
Ru
Vehumet

Shops:
D:5 (?:%[   D:6 (


Innate Abilities, Weirdness & Mutations

You are too large for most types of armour.
You have claws for hands.
Your metabolism is lightning-fast.
You like to eat raw meat.
Your natural rate of healing is unusually fast.
You are covered in fur. (AC +1)
You have extremely tough skin. (AC +3)


Message History

The hornet barely misses you.
Unknown command.
Aim: a hornet (chance to defeat MR: 76%)
You fail to use your ability.
You feel sick. The hornet stings you.
You are more poisoned.
You feel as though you will be slow longer.
The hornet stings you but does no damage.
Unknown command.
Aim: a hornet (chance to defeat MR: 76%)
You fail to use your ability.
You feel sick. The hornet stings you!
* * * LOW HITPOINT WARNING * * *
You feel as though you will be slow longer.
The hornet stings you.
* * * LOW HITPOINT WARNING * * *
You feel as though you will be slow longer.
Unknown command.
You miss the hornet.
You feel sick. The hornet barely misses you.
The hornet stings you but does no damage.
You scratch the hornet.
You feel sick. The hornet barely misses you. The hornet closely misses you.
Unknown command.
You closely miss the hornet.
You feel sick.
The hornet stings you but does no damage.
The hornet stings you!
* * * LOW HITPOINT WARNING * * *
You feel as though you will be slow longer.
You claw the hornet! Your claw misses the hornet.
You feel sick. The hornet stings you.
* * * LOW HITPOINT WARNING * * *
You feel as though you will be slow longer.
The hornet stings you.
* * * LOW HITPOINT WARNING * * *
You are more poisoned.
You feel as though you will be slow longer.
Unknown command.
You completely miss the hornet.
You feel sick. The hornet stings you!
* * * LOW HITPOINT WARNING * * *
You suddenly lose the ability to move!
The hornet completely misses you.
You can move again.
You feel agile all of a sudden.
* * * LOW HITPOINT WARNING * * *
You feel sick. The hornet barely misses you. The hornet completely misses you.
You barely miss the hornet.
* * * LOW HITPOINT WARNING * * *
You feel sick. The hornet closely misses you. The hornet barely misses you.
Unknown command.
You scratch the hornet.
* * * LOW HITPOINT WARNING * * *
You feel sick. The hornet misses you. The hornet stings you!!
You die...

########## ..........
...# ##.###### #..#
#.###########..#
##.#.........#..#
.....##...##.#..#####
##..###.#...........#
##.#
#...##.#..###.######
#.#
##.###.#..@yca.....#
..... ...#
#...####.####.#
###.###### ##..# .#
#.# #..# .# #.# #..#
.# #### .# c# .#


You could see a hornet, a centaur and a worker ant.

Vanquished Creatures
  Pikel (D:6)
  An ice beast (D:5)
  A vampire bat (D:5)
  A howler monkey (D:5)
  A bullfrog zombie (D:5)
  4 crimson imps (D:5)
  A hound (D:3)
  Crazy Yiuf (D:4)
  An orc priest (D:4)
  6 orc wizards
  An iguana (D:4)
  3 worker ants
  A hound skeleton (D:5)
  5 gnolls
  3 adders
  An adder zombie (D:5)
  An ooze (D:1)
  3 worms
  4 dart slugs
  3 fire bats (D:5)
  3 leopard geckos
  27 orcs
  2 spectral bats (D:5)
  3 bat skeletons (D:5)
  A bat zombie (D:5)
  4 giant cockroaches
  5 goblins
  6 hobgoblins
  3 quokkas
  21 bats
  A bat simulacrum (D:5)
  A frilled lizard (D:1)
  A giant cockroach zombie (D:5)
  4 kobolds
  A leopard gecko skeleton (D:4)
  7 rats
133 creatures vanquished.

Vanquished Creatures (others)
  A jelly (D:6)
1 creature vanquished.

Grand Total: 134 creatures vanquished

Notes
Turn   | Place    | Note
-------+----------+-------------------------------------------
     0 | Abyss:1  | LostNumber the Troll Abyssal Knight began the quest for the
                  | Orb.
     0 | Abyss:1  | Reached XP level 1. HP: 22/22 MP: 1/1
    51 | Abyss:1  | Noticed a tentacled starspawn
    52 | D:1      | Escaped the Abyss
   119 | D:1      | Reached XP level 2. HP: 27/29 MP: 2/2
   271 | D:1      | Reached * piety under Lugonu
   528 | D:1      | Reached XP level 3. HP: 36/36 MP: 3/3
   972 | D:2      | Reached skill level 3 in Unarmed Combat
   978 | D:2      | Reached ** piety under Lugonu
  1137 | D:2      | Found a sacrificial altar of Ru.
  1348 | D:2      | Reached XP level 4. HP: 42/44 MP: 4/4
  2286 | D:3      | Reached XP level 5. HP: 48/53 MP: 5/5
  2420 | D:4      | Reached skill level 4 in Unarmed Combat
  2470 | D:4      | Reached XP level 6. HP: 61/61 MP: 7/7
  2480 | D:4      | Got a heavily jewelled robe
  2491 | D:4      | Identified the cursed +0 robe of the Cooper {Slay+3} (You
                  | found it on level 4 of the Dungeon)
  3049 | D:4      | Found a radiant altar of Vehumet.
  3080 | D:4      | Found a runed translucent door.
  3081 | D:4      | Noticed Crazy Yiuf
  3085 | D:4      | Paralysed by Crazy Yiuf for 7 turns
  3094 | D:4      | Killed Crazy Yiuf
  3236 | D:5      | Entered Level 5 of the Dungeon
  3361 | D:5      | Reached *** piety under Lugonu
  3397 | D:5      | Reached skill level 5 in Unarmed Combat
  3437 | D:5      | Reached XP level 7. HP: 67/68 MP: 8/8
  3530 | D:5      | Found Wakko's Food Boutique.
  3538 | D:5      | Found Yleuline's Armour Boutique.
  3627 | D:5      | Found a burning altar of Makhleb.
  3696 | D:5      | Found Pait's Book Emporium.
  3777 | D:5      | Found Simuavec's Weapon Emporium.
  3843 | D:5      | Found Waimafamm's Magic Scroll Shoppe.
  3847 | D:5      | Bought a scroll of teleportation for 39 gold pieces
  3847 | D:5      | Bought a scroll of blinking for 97 gold pieces
  3847 | D:5      | Bought a scroll of fog for 26 gold pieces
  4071 | D:6      | Reached skill level 6 in Unarmed Combat
  4073 | D:6      | Reached **** piety under Lugonu
  4157 | D:6      | Noticed Pikel
  4178 | D:6      | Killed Pikel
  4178 | D:6      | Reached XP level 8. HP: 65/79 MP: 8/10
  4284 | D:6      | Found Houcucau's Antique Weapon Shop.
  4684 | D:7      | Noticed a hornet
  4696 | D:7      | Paralysed by a hornet for 1 turns
  4698 | D:7      | HP: 3/79 [poisoned by a hornet]
  4699 | D:7      | HP: 1/79 [poisoned by a hornet]
  4699 | D:7      | Demolished by a hornet

Skill      XL: |  1  2  3  4  5  6  7 |
---------------+----------------------+-----
Dodging        | 2 3 4 |  4.3
Invocations    | 2 3 4 |  4.4
Unarmed Combat | 3 4 5 6 |  6.9
Fighting       | 3 4 |  4.5

Action                   |  1- 3 |  4- 6 |  7- 9 || total
-------------------------+-------+-------+-------++-------
Melee: Unarmed           |   115 |   148 |   100 ||   363
       Punch             |       |     1 |       ||     1
Invok: Depart the Abyss  |     1 |       |       ||     1
  Use: Potion            |       |       |     1 ||     1
  Eat: Chunk             |    17 |    20 |     9 ||    46
Armor: Robe              |    50 |    63 |    36 ||   149
Dodge: Dodged            |    55 |    82 |    57 ||   194
Block: Other             |     4 |    12 |     8 ||    24
